 Dungeon Sprint DCSS version 0.31-a0-1002-g8e65716e6e (webtiles) character file.

Game seed: 4035737861956999452

448 Majang the Basher (level 6, -1/82 HPs)
             Began as a Demonspawn Berserker on Nov 9, 2023.
             Was an Elder of Trog.
             Slain by a troll (6 damage)
             ... in the Dungeon (Sprint IX: "|||||||||||||||||||||||||||||").
             The game lasted 00:03:09 (237 turns).

Majang the Basher (Demonspawn Berserker)             Turns: 237, Time: 00:03:10

Health: -1/82      AC: 12    Str: 19    XL:     6   Next: 73%
Magic:  6/6        EV: 15    Int: 11    God:    Trog [****..]
Gold:   0          SH:  0    Dex: 13    Spells: 5/5 levels left

rFire   . . .        k - +2 morningstar (heavy)
rCold   . . .        (no shield)
rNeg    . . .        l - +2 ring mail
rPois   .            (no helmet)
rElec   .            (no cloak)
rCorr   .            a - +0 pair of gloves
SInv    .            (no boots)
Will    .....        (no amulet) Stlth
                     m - +2 ring of evasion
HPRegen 0.33/turn    n - +3 ring of intelligence
MPRegen 0.10/turn

%: no teleportation
@: berserking (expiring), very quick
A: molten scales 2, foul stench 1, demonic touch 1
a: Renounce Religion, Berserk, Trog's Hand, Brothers in Arms


You were in the Dungeon.
You worshipped Trog.
Trog was greatly pleased with you.
You visited 1 branch

Inventory:

Hand Weapons
 k - a +2 heavy morningstar (weapon)
Armour
 a - a +0 pair of gloves (worn)
 c - a +0 chain mail
 l - a +2 ring mail (worn)
Jewellery
 m - a +2 ring of evasion (left hand)
 n - a +3 ring of intelligence (right hand)
Wands
 j - a wand of acid (10)
Scrolls
 h - 2 scrolls of blinking
Potions
 b - a potion of invisibility
 d - 3 potions of heal wounds
 e - a potion of haste
 f - 4 potions of magic
 g - a potion of berserk rage
 i - 4 potions of curing


   Skills:
 + Level 7.2 Fighting
 * Level 8.9 Maces & Flails
 + Level 6.1 Armour
 + Level 6.1 Dodging


You had 5 spell levels left.
You didn't know any spells.
Your spell library was empty.

Dungeon Overview and Level Annotations

Branches:
Dungeon (1/1)

Altars:
Cheibriados
Dithmenos
Fedhas
Gozag
Hepliaklqana
Kikubaaqudgha
Makhleb
Nemelex Xobeh
Okawaru
Qazlal
Ru
Sif Muna
Trog
Uskayaw
Vehumet
Wu Jian
Xom
Yredelemnul
Jiyva
Lugonu


Innate Abilities, Weirdness & Mutations

You are mostly covered in molten scales. (AC +3)
You may rarely emit foul miasma when damaged in melee.
Your touch may inflict minor irresistible damage on your foes.


Message History

Beogh smites you! The yak gores you.
You perforate the yak like a sieve!!!
You kill the yak!
Trog accepts your kill.
Your Fighting skill increases to level 6!
Your Maces & Flails skill increases to level 8!
Your Armour skill increases to level 5!
Your Dodging skill increases to level 5!
You have reached level 6!
Your demonic ancestry asserts itself...
You begin to emit a foul stench of rot and decay.
You barely miss the acid dragon. The acid dragon spits acid at you.
The splash of acid hits you!!
* * * LOW HITPOINT WARNING * * *
The acid dragon barely misses you. The acid dragon misses you.
You puncture the acid dragon!
The acid dragon is heavily wounded.
The acid dragon spits acid at you. The splash of acid hits you.
* * * LOW HITPOINT WARNING * * *
You barely miss the acid dragon.
You touch the acid dragon.
The acid dragon is almost dead.
The acid dragon bites you but does no damage.
The acid dragon claws you but does no damage.
You barely miss the acid dragon.
You touch the acid dragon.
You feel the power of Trog in you as your rage grows.
You kill the acid dragon!
Trog accepts your kill.
The acid dragon scales are intact enough to wear.
Your Fighting skill increases to level 7!
Your Armour skill increases to level 6!
Your Dodging skill increases to level 6!
You barely miss the troll. The troll bites you.
* * * LOW HITPOINT WARNING * * *
The troll closely misses you. The troll claws you but does no damage.
You closely miss the troll. The troll bites you!
* * * LOW HITPOINT WARNING * * *
The troll claws you but does no damage. The troll claws you.
You die...

▓.▓
▓.▓
▓.▓
▓.▓
▓o▓
▓Y▓
▓T▓
▓@▓
▓.▓
▓.▓
▓[▓
▓.▓
▓.▓
▓)▓
▓?▓
▓.▓


You could see a yak, a troll and an orc priest.

Vanquished Creatures
  A yak (D)
  An acid dragon (D)
  An orc warrior (D)
  An ogre (D)
  An adder (D)
  A white imp (D)
  An orc (D)
  An endoplasm (D)
  A hobgoblin (D)
  A quokka (D)
  A ball python (D)
  2 rats (D)
13 creatures vanquished.

Notes
Turn   | Place    | Note
-------+----------+-------------------------------------------
     0 | D        | Majang the Demonspawn Berserker began the quest for the
                  | Orb.
     0 | D        | Reached XP level 1. HP: 18/18 MP: 1/1
     8 | D        | Reached skill level 3 in Maces & Flails
    13 | D        | Reached ** piety under Trog
    57 | D        | Noticed an ogre
    64 | D        | Gained mutation: You are partially covered in molten
                  | scales. (AC +2) [demonic ancestry]
    64 | D        | Reached XP level 2. HP: 22/24 MP: 2/2
    65 | D        | Reached *** piety under Trog
    66 | D        | Reached skill level 4 in Maces & Flails
    69 | D        | Killed an ogre
    70 | D        | Reached skill level 5 in Fighting
    70 | D        | Reached skill level 5 in Maces & Flails
    70 | D        | Gained mutation: You are mostly covered in molten scales.
                  | (AC +3) [demonic ancestry]
    70 | D        | Reached XP level 3. HP: 25/33 MP: 3/3
    70 | D        | Gained mutation: Your touch may inflict minor irresistible
                  | damage on your foes. [demonic ancestry]
    70 | D        | Reached XP level 4. HP: 29/39 MP: 4/4
   160 | D        | Found a snail-covered altar of Cheibriados.
   160 | D        | Found a shadowy altar of Dithmenos.
   160 | D        | Found a blossoming altar of Fedhas.
   160 | D        | Found an opulent altar of Gozag.
   161 | D        | Found a hazy altar of Hepliaklqana.
   162 | D        | Found a viscous altar of Jiyva.
   163 | D        | Found an ancient bone altar of Kikubaaqudgha.
   164 | D        | Found a corrupted altar of Lugonu.
   165 | D        | Found a burning altar of Makhleb.
   166 | D        | Found a sparkling altar of Nemelex Xobeh.
   167 | D        | Found an iron altar of Okawaru.
   168 | D        | Found a stormy altar of Qazlal.
   169 | D        | Found a sacrificial altar of Ru.
   170 | D        | Found a shimmering blue altar of Sif Muna.
   171 | D        | Found a bloodstained altar of Trog.
   172 | D        | Found a hide-covered altar of Uskayaw.
   173 | D        | Found a radiant altar of Vehumet.
   174 | D        | Found an ornate altar of the Wu Jian Council.
   175 | D        | Found a shimmering altar of Xom.
   176 | D        | Found a basalt altar of Yredelemnul.
   224 | D        | Noticed a yak
   224 | D        | Noticed a troll
   224 | D        | Noticed an acid dragon
   224 | D        | Noticed a yak
   224 | D        | Noticed an orc warrior
   227 | D        | Killed an orc warrior
   227 | D        | Reached **** piety under Trog
   228 | D        | Reached skill level 7 in Maces & Flails
   228 | D        | Reached XP level 5. HP: 46/46 MP: 5/5
   231 | D        | Killed a yak
   232 | D        | Reached skill level 8 in Maces & Flails
   232 | D        | Reached skill level 5 in Armour
   232 | D        | Reached skill level 5 in Dodging
   232 | D        | Gained mutation: You may rarely emit foul miasma when
                  | damaged in melee. [demonic ancestry]
   232 | D        | Reached XP level 6. HP: 41/53 MP: 6/6
   235 | D        | Killed an acid dragon
   237 | D        | Slain by a troll

Illustrated notes

Levels and vault maps discovered:
D:        linesprint [early_d, line_temple, items_1, d_10, items_2, lair_1,
          lair_end, items_3, orc_1, orc_end, items_4, d_15, swamp_1, shoals_1,
          snake_1, spider_1, d_20, vaults_1, items_5, swamp_end, shoals_end,
          snake_end, spider_end, vaults_end, d_27, items_6, zot_1, zot_end,
          crypt_end, forest_end, elf_end, slime_end, tomb_end, abyss_end,
          pan_hell_end]

Skill      XL: |  1  2  3  4  5  6 |
---------------+-------------------+-----
Maces & Flails | 3 5 7 8 |  8.9
Armour         | 2 4 5 6 |  6.1
Dodging        | 2 4 5 6 |  6.1
Fighting       | 5 6 7 |  7.2

Action                     |  1- 3 |  4- 6 || total
---------------------------+-------+-------++-------
  Melee: Mace              |    22 |     2 ||    24
         Morningstar       |       |    12 ||    12
         Touch             |       |     4 ||     4
 Invoke: Berserk           |     2 |     1 ||     3
    Use: Potion            |     1 |       ||     1
 Armour: Animal skin       |     7 |       ||     7
         Ring mail         |       |    13 ||    13
  Dodge: Dodged            |    10 |     5 ||    15

Table legend: (Time is in decaauts)
 A = Elapsed time spent in this place.
 B = Non-inter-level travel time spent in this place.
 C = Inter-level travel time spent in this place.
 D = Time resting spent in this place.
 E = Time spent auto-exploring this place.
 F = Levels seen in this place.
 G = Mean time per level.
                   A        B        C        D        E       F      G
               +--------+--------+--------+--------+--------+-----+--------+
         Total |    257 |    257 |      0 |    115 |      0 |   1 |  257.0 |
       Dungeon |    257 |    257 |      0 |    115 |      0 |   1 |  257.0 |
               +--------+--------+--------+--------+--------+-----+--------+

Top non-repeatable levels by time:
       D: 257 daAuts
